Construct Light Support Kompanie
Construct Mechanized Kompanie
Panzerjäger Mechanized Group
Selects Armored Support Battlegroup
Selects Superior Fire Drills
Selects Flammpanzer III Medium Tank
Flammpanzer III Medium Tank
Marder III Tank Destroyer
254 Reconnaissance Tractor
Flammpanzer III Medium Tank
Marder III Tank Destroyer
Selects Vehicle Awareness
Panzerjäger Mechanized Group
Construct Panzerarmee Kommand
Selects Stuka Anti-tank Loiter